 Dungeon Crawl Stone Soup version 0.28-a0-861-ge64d6db94f (webtiles) character file.

Game seed: 13376195666486009644

107758 ders the Earth Mage (level 16, -4/84 HPs)
             Began as a Gargoyle Earth Elementalist on Nov 15, 2021.
             Was a High Priest of Vehumet.
             Slain by a ghost moth (12 damage)
             ... on level 2 of the Spider Nest on Nov 16, 2021.
             The game lasted 01:20:51 (40026 turns).

ders the Earth Mage (Gargoyle Earth Elementalist)  Turns: 40026, Time: 01:20:52

Health: -4/84      AC: 33    Str:  8 (9)  XL:     16   Next: 47%
Magic:  0/44       EV:  8    Int: 22      God:    Vehumet [*****.]
Gold:   1275       SH: 10    Dex: 10 (12) Spells: 7/46 levels left

rFire   + . .      SeeInvis +   X - staff of fire
rCold   + + +      Faith    .   z - +1 buckler of the Unbroken {Will+}
rNeg    + . .      Spirit   .   Y - +4 ice dragon scales of the Butterfly {rPois rF- rC++ Str-4 Dex+2 SInv}
rPois   ∞          Reflect  +   f - +2 helmet
rElec   +          Harm     .   L - scarf {rC+ rF+}
rCorr   .          Rampage  .   w - +1 pair of gloves
Will    ++...                   (no boots)
Stlth   ..........              F - amulet of reflection
HPRegen 0.24/turn               K - ring of protection from cold
MPRegen 0.29/turn               W - ring of magical power

@: on berserk cooldown, flying, hasted, studying 2 skills, very quick
A: sickness immunity, AC +12, big wings, negative energy resistance 1,
electricity resistance, torment resistance 1, petrification resistance
a: Renounce Religion


You were on level 2 of the Spider Nest.
You worshipped Vehumet.
Vehumet was extremely pleased with you.
You visited 7 branches of the dungeon, and saw 26 of its levels.
You also visited: Sewer, Bailey and Ice Cave.

You collected 3400 gold pieces.
You spent 2125 gold pieces at shops.

Inventory:

Missiles
 o - 113 stones
 H - 4 throwing nets
Armour
 f - a +2 helmet (worn)
 p - a +3 troll leather armour {Pargi}
 w - a +1 pair of gloves (worn)
 z - the +1 buckler of the Unbroken (worn) {Will+}
   (You bought it in a shop on level 10 of the Dungeon)

   Will:      It increases your willpower.
 L - a scarf of resistance (worn)
 Y - the +4 ice dragon scales of the Butterfly (worn) {rPois rF- rC++ Str-4 Dex+2 SInv}
   (You found it in an ice cave)

   Str:       It affects your strength (-4).
   Dex:       It affects your dexterity (+2).
   rF:        It makes you vulnerable to fire.
   rC:        It greatly protects you from cold.
   rPois:     It protects you from poison.
   SInv:      It lets you see invisible.
Magical Staves
 X - a staff of fire (weapon)
Jewellery
 g - a ring of wizardry
 h - an amulet of faith
 l - a ring of resist corrosion
 m - an amulet of guardian spirit
 F - an amulet of reflection (around neck)
 I - a +6 ring of intelligence
 K - a ring of protection from cold (left hand)
 M - a +6 ring of dexterity
 Q - the ring "Zezuh" {Ice rN+}
   (You found it in an ice cave)

   [ring of ice]

   It enhances your ice magic.
   rF:        It makes you vulnerable to fire.
   rC:        It protects you from cold.
   rN:        It protects you from negative energy.
 W - a ring of magical power (right hand)
Wands
 t - a wand of paralysis (11)
 u - a wand of polymorph (14)
 y - a wand of acid (6)
 C - a wand of mindburst (34)
 N - a wand of digging (3)
 R - a wand of charming (8)
Scrolls
 b - a scroll of magic mapping
 c - 2 scrolls of fog
 d - 3 scrolls of identify
 e - 2 scrolls of noise
 n - 3 scrolls of torment
 r - 2 scrolls of amnesia
 E - 5 scrolls of teleportation
 G - a scroll of summoning
 O - a scroll of silence
 P - 6 scrolls of enchant weapon
Potions
 i - 3 potions of degeneration
 j - a potion of invisibility
 k - a potion of flight
 s - 2 potions of berserk rage
 D - 2 potions of mutation
 J - 3 potions of might
Miscellaneous
 B - a piece from Xom's chessboard (15/15)


   Skills:
 + Level 3.7 Fighting
 + Level 2.5 Staves
 + Level 6.4 Armour
 + Level 5.0 Dodging
 - Level 2.1 Stealth
 - Level 4.0 Shields
 + Level 15.9 Spellcasting
 + Level 15.2 Conjurations
 + Level 0.4 Summonings
 + Level 2.8 Transmutations
 + Level 6.5 Fire Magic
 + Level 1.2 Ice Magic
 + Level 1.5 Air Magic
 + Level 17.3 Earth Magic


You had 7 spell levels left.
You knew the following spells:

 Your Spells              Type           Power      Damage    Failure   Level
a - Fireball              Conj/Fire      39%        3d16      3%          5
b - Iron Shot             Conj/Erth      36%        9d7       1%          6
c - Stone Arrow           Conj/Erth      100%       3d13      1%          3
d - Frozen Ramparts       Ice            46%        1d6       17%         3
e - Sandblast             Erth           100%       2d20      1%          1
f - Swiftness             Air            24%        N/A       52%         3
g - Orb of Destruction    Conj           35%        9d13      16%         7
h - Spellforged Servitor  Conj/Summ      25%        N/A       95%         7
i - Flame Wave            Conj/Fire      78%        3d13      1%          4

Your spell library contained the following spells:

 Spells                   Type           Power      Damage    Failure   Level
 Lightning Bolt           Conj/Air       26%        1d42      9%          5
 Shock                    Conj/Air       100%       1d9       1%          1
 Passwall                 Tmut/Erth      48%        N/A       1%          2
 Iskenderun's Battlesphe  Conj           71%        2d12      1%          5
 Mephitic Cloud           Conj/Pois/Air  42%        N/A       3%          3
 Hailstorm                Conj/Ice       52%        3d12      3%          4
 Petrify                  Tmut/Erth      58%        N/A       6%          4
 Ignite Poison            Fire/Tmut/Pois 46%        N/A       9%          3
 Animate Armour           Summ/Erth      100%       N/A       10%         4
 Freezing Cloud           Conj/Ice/Air   21%        6-21      22%         5
 Summon Small Mammal      Summ           76%        N/A       32%         1
 Ensorcelled Hibernation  Hex/Ice        40%        N/A       41%         2
 Conjure Ball Lightning   Conj/Air       26%        3x3d7     41%         6
 Call Imp                 Summ           19%        N/A       43%         2
 Airstrike                Air            12%        N/A       43%         4
 Ozocubu's Armour         Ice            23%        N/A       54%         3
 Spider Form              Tmut/Pois      23%        N/A       54%         3
 Tukima's Dance           Hex            17%        N/A       75%         3
 Yara's Violent Unravell  Hex/Tmut       11%        3d6       78%         5
 Ice Form                 Ice/Tmut       26%        N/A       85%         4
 Summon Ice Beast         Ice/Summ       21%        N/A       95%         4
 Blade Hands              Tmut           14%        N/A       97%         5
 Passage of Golubria      Tloc           17%        N/A       98%         4
 Alistair's Intoxication  Tmut/Pois      15%        N/A       99%         5
 Summon Forest            Summ/Tloc      9%         N/A       100%        5
 Simulacrum               Ice/Necr       10%        N/A       100%        6
 Ozocubu's Refrigeration  Ice            11%        4d7       100%        7
 Statue Form              Tmut/Erth      Unusable   N/A       N/A         6

Dungeon Overview and Level Annotations

Branches:
Dungeon (12/15)            Temple (1/1) D:7            Lair (6/6) D:10
  Swamp (1/4) Lair:3       Spider (2/4) Lair:3        Slime (0/5) Lair:5
    Orc (2/2) D:11            Elf (2/3) Orc:2         Sewer (visited)
 Bailey (visited)           IceCv (visited)

Altars:
Ashenzari
Cheibriados
Dithmenos
Elyvilon
Fedhas
Gozag
Hepliaklqana
Kikubaaqudgha
Makhleb
Nemelex Xobeh
Okawaru
Qazlal
Ru
Sif Muna
Trog
Uskayaw
Vehumet
Wu Jian
Xom
Yredelemnul
Zin
The Shining One
Lugonu

Shops:
D:3 *   D:5 (   D:9 *   D:10 [   D:11 *   Orc:1 =   Orc:2 ?:[(

Portals:
Abyss: Lair:6
Trove: D:10 (show abyssal rune of Zot)

Annotations:
Lair:3 exclusion: oklob plant
Lair:5 2 transporters, Gaergho's ghost, journeyman DrAK


Innate Abilities, Weirdness & Mutations

You are immune to sickness and miasma.
Your stone body is resilient. (AC +12)
You are immune to poison.
Your large and strong wings let you fly.
You resist negative energy. (rN+)
You are resistant to electric shocks. (rElec)
You are resistant to unholy torment.
You are immune to petrification.


Message History

Something hits you but does no damage. Something stings you!
* * * LOW HITPOINT WARNING * * *
Casting: Sandblast (safe; 0% risk of failure)
Confirm with . or Enter, or press ? or * to list all spells.
You can't see any susceptible monsters within range! (Use Z to cast anyway.) Unknown command.
Casting: Sandblast (safe; 0% risk of failure)
Confirm with . or Enter, or press ? or * to list all spells.
Aiming: Sandblast (safe; 0% risk of failure)
Press: ? - help, Shift-Dir - straight line The blast of sand hits something!!
Something hits you but does no damage. x2
Something stings you but does no damage.
Something hits you but does no damage. x2
Something stings you but does no damage.
As you read the scroll of fear, it crumbles to dust.
You assume a fearsome visage.
Nothing appears to happen.
You feel you are being watched by something.
You feel your power leaking away.
Something hits you but does no damage. x2
Something stings you but does no damage.
Something hits you but does no damage. You block something's attack.
Something stings you but does no damage.
Your magical effects are unravelling.
You feel magically purged.
You feel less wooden.
Your scarf of resistance unmelds from your body.
Your +2 helmet unmelds from your body.
Your +1 pair of gloves unmelds from your body.
The +4 ice dragon scales of the Butterfly {rPois rF- rC++ Str-4 Dex+2 SInv} unmelds from your body.
You feel resistant to extremes of temperature.
Reactivating autopickup.
You feel yourself speed up. The ghost moth stares at you.
The ghost moth closely misses you. The ghost moth barely misses you.
The ghost moth stings you but does no damage.
The ghost moth stares at you. The ghost moth closely misses you.
You block the ghost moth's attack.
The ghost moth stings you but does no damage.
You feel yourself speed up. The ghost moth hits you!
You die...

.. . ######
#.###....##.#
#..........# #
#.....@....# #
#....y.....# #
#...........# #
............#
.............#
#..........##.#
#.........## .
#.........#


You could see a ghost moth (invisible).

Vanquished Creatures
  Mlioglotl (Lair:3)
  The ghost of Noofi Norphi the Eclecticist, an adept DECj of Jiyva (Spider:1)
  2 azure jellies (IceCv)
  2 quicksilver oozes (IceCv)
  A deep elf demonologist (Elf:1)
  Snorg (Lair:3)
  Josephine (Lair:6)
  A fire dragon (Lair:4)
  7 hydras
  A boulder beetle (Lair:6)
  2 catoblepae (Lair:6)
  7 dancing weapons (Elf:1)
  2 two-headed ogres
  Urug (Lair:6)
  3 death yaks (Lair:6)
  5 orc high priests
  4 thrashing horrors (Lair:6)
  Nergalle (Lair:1)
  5 deep elf knights (Elf:1)
  9 deep elf archers (Elf:1)
  14 deep elf pyromancers (Elf:1)
  8 deep elf zephyrmancers (Elf:1)
  2 lindwurms (Lair:6)
  3 orb spiders (Spider:1)
  10 wolf spiders
  5 orc knights
  4 orc sorcerers (Orc:2)
  3 ugly things (Lair:6)
  3 cyclopes
  9 elephants
  Joseph (D:7)
  4 black mambas
  9 cane toads
  An ice statue (IceCv)
  7 centaur zombies
  2 smoke demons (Lair:6)
  A gargoyle (D:12)
  A torpor snail (Lair:3)
  An unseen horror (D:11)
  3 rime drakes
  7 komodo dragons
  An entropy weaver simulacrum (IceCv)
  4 demonic crawlers
  An ancient zyme (Lair:6)
  A komodo dragon (shapeshifter) (Elf:1)
  7 polar bears
  16 jumping spiders
  Grinder (D:4)
  5 dream sheep (Lair:4)
  7 slime creatures
  24 blink frogs
  A meliai zombie (D:11)
  Sigmund (D:6)
  23 redbacks
  A shadow (D:11)
  3 air elementals
  6 tarantellas
  A water elemental (Elf:1)
  4 wraiths (Lair:6)
  5 wyverns
  3 ynoxinuls (Lair:6)
  32 yaks
  6 basilisks
  A steam dragon (D:5)
  2 vampire mosquitoes (D:11)
  3 chaos spawn (Lair:6)
  A warg (Orc:1)
  3 demonic crawler simulacra (IceCv)
  19 water moccasins
  28 orc warriors
  Pargi (Sewer)
  12 small abominations (Lair:6)
  A large abomination (Lair:6)
  2 sky beasts (D:7)
  6 ugly thing simulacra (IceCv)
  3 ogres (D:11)
  2 ice beasts
  3 centaurs
  10 bullfrogs
  2 kobold brigands
  3 glowing shapeshifter simulacra (IceCv)
  2 gnoll sergeants
  5 scorpions
  A water moccasin skeleton (D:7)
  4 howler monkeys
  An electric eel (Lair:4)
  A hound (D:7)
  A bullfrog skeleton (D:7)
  2 jellies
  4 gnoll shamans
  13 orc priests
  Jessica (D:2)
  4 iguanas
  18 orc wizards
  2 killer bee zombies
  A hound skeleton (D:5)
  2 howler monkey zombies
  28 gnolls
  7 adders
  An adder skeleton (D:4)
  2 worms
  3 dart slugs
  72 orcs
  9 endoplasms
  6 giant cockroaches
  8 hobgoblins
  4 jackals (D:3)
  7 ball pythons
  9 bats
  2 frilled lizards (D:1)
  7 goblins
  24 kobolds
  3 rats
664 creatures vanquished.

Vanquished Creatures (collateral kills)
  An orb spider (Spider:1)
  7 slime creatures (IceCv)
8 creatures vanquished.

Vanquished Creatures (others)
  35 fungi
  51 plants
86 creatures vanquished.

Grand Total: 758 creatures vanquished

Notes
Turn   | Place    | Note
-------+----------+-------------------------------------------
     0 | D:1      | ders the Gargoyle Earth Elementalist began the quest for
                  | the Orb.
     0 | D:1      | Reached XP level 1. HP: 10/10 MP: 3/3
   431 | D:1      | Reached skill level 1 in Transmutations
   439 | D:1      | Reached XP level 2. HP: 13/15 MP: 0/5
   764 | D:1      | Reached skill level 4 in Earth Magic
  1310 | D:2      | Noticed Jessica
  1341 | D:1      | Reached XP level 3. HP: 15/19 MP: 0/6
  1345 | D:1      | Learned a level 3 spell: Stone Arrow
  1422 | D:2      | Killed Jessica
  1423 | D:2      | Reached skill level 1 in Conjurations
  1423 | D:2      | Reached XP level 4. HP: 20/24 MP: 3/7
  2486 | D:3      | Found Diora Coeme's Assorted Antiques.
  2494 | D:3      | Reached XP level 5. HP: 28/28 MP: 3/9
  2611 | D:3      | Found a sacrificial altar of Ru.
  4230 | D:4      | Noticed Grinder
  4233 | D:4      | Reached skill level 5 in Earth Magic
  4233 | D:4      | Reached XP level 6. HP: 32/32 MP: 3/10
  4293 | D:4      | Paralysed by Grinder for 4 turns
  4299 | D:4      | Killed Grinder
  4300 | D:4      | Reached XP level 7. HP: 36/36 MP: 1/12
  5243 | D:5      | Entered Level 5 of the Dungeon
  5243 | D:5      | Found Fimos's Weapon Shoppe.
  5286 | D:5      | Found a glowing drain.
  5288 | D:5      | Noticed a steam dragon
  5291 | D:5      | Killed a steam dragon
  5327 | Sewer    | Entered a sewer
  5457 | Sewer    | Noticed Pargi
  5464 | Sewer    | Killed Pargi
  5465 | Sewer    | Reached skill level 6 in Earth Magic
  5924 | D:5      | Reached skill level 5 in Conjurations
  6787 | D:6      | Noticed Sigmund
  6792 | D:6      | Killed Sigmund
  6793 | D:6      | Reached skill level 1 in Staves
  6793 | D:6      | Reached skill level 1 in Armour
  6793 | D:6      | Reached XP level 8. HP: 42/42 MP: 1/15
  7347 | D:5      | Reached skill level 5 in Spellcasting
  7729 | D:6      | Reached skill level 1 in Fighting
  7729 | D:6      | Reached skill level 7 in Earth Magic
  8237 | D:6      | Reached XP level 9. HP: 47/47 MP: 10/17
  8536 | D:7      | Noticed Joseph
  8541 | D:7      | Killed Joseph
  8795 | D:7      | Found a staircase to the Ecumenical Temple.
  8843 | Temple   | Entered the Ecumenical Temple
  9081 | Temple   | Became a worshipper of Vehumet
  9172 | D:7      | Reached skill level 8 in Earth Magic
 11032 | D:8      | Reached skill level 9 in Earth Magic
 11032 | D:8      | Reached XP level 10. HP: 52/52 MP: 12/20
 12149 | D:9      | Reached * piety under Vehumet
 12149 | D:9      | Offered knowledge of Freeze by Vehumet.
 12638 | D:9      | Found Yrchunou's Island Escapes.
 13331 | D:10     | Entered Level 10 of the Dungeon
 13394 | D:10     | Noticed a cyclops
 13399 | D:10     | Killed a cyclops
 13601 | D:10     | Found Aci Lyt's Antique Armour Boutique.
 13613 | D:10     | Reached skill level 10 in Earth Magic
 14003 | D:10     | Reached XP level 11. HP: 57/57 MP: 9/23
 14120 | D:10     | Bought a transparent buckler for 323 gold pieces
 14120 | D:10     | Identified the +1 buckler of the Unbroken {Will+} (You
                  | bought it in a shop on level 10 of the Dungeon)
 14452 | D:10     | Found a staircase to the Lair.
 14566 | D:10     | Found a portal to a secret trove of treasure.
 14899 | D:11     | Found Ishronamorph's Overcharged Wands.
 14900 | D:11     | Noticed a boulder beetle
 14951 | D:11     | Noticed a cyclops
 14957 | D:11     | Killed a cyclops
 14958 | D:11     | Reached skill level 1 in Shields
 14979 | D:11     | Found a flagged portal.
 14991 | Bailey   | Entered a bailey
 15121 | Bailey   | Offered knowledge of Shock by Vehumet.
 15126 | Bailey   | Reached ** piety under Vehumet
 15470 | Bailey   | Identified the +8 chain mail "Keckalea" {Will+ Dex+5}
 15475 | Bailey   | Noticed an orc knight
 15488 | Bailey   | Killed an orc knight
 15489 | Bailey   | Reached skill level 11 in Earth Magic
 15616 | Bailey   | Found a bloodstained altar of Trog.
 15759 | D:11     | Noticed a two-headed ogre
 15764 | D:11     | Killed a two-headed ogre
 15992 | D:11     | Found a staircase to the Orcish Mines.
 16277 | D:11     | Reached skill level 5 in Armour
 16362 | D:12     | Noticed a cyclops
 16395 | D:11     | Offered knowledge of Scorch by Vehumet.
 16823 | D:11     | Reached *** piety under Vehumet
 17072 | D:12     | Killed a cyclops
 17173 | D:12     | Reached skill level 12 in Earth Magic
 17370 | D:12     | Noticed a two-headed ogre
 17375 | D:12     | Killed a two-headed ogre
 17376 | D:12     | Reached XP level 12. HP: 54/62 MP: 12/25
 17463 | D:12     | Reached skill level 10 in Spellcasting
 17733 | D:12     | Learned a level 6 spell: Iron Shot
 17738 | D:12     | Learned a level 3 spell: Frozen Ramparts
 17782 | Lair:1   | Entered Level 1 of the Lair of Beasts
 18000 | Lair:1   | Offered knowledge of Dazzling Flash by Vehumet.
 18119 | Lair:1   | Reached skill level 10 in Conjurations
 18480 | Lair:1   | Noticed a six-headed hydra
 18486 | Lair:1   | Killed a six-headed hydra
 18645 | Lair:1   | Noticed Nergalle
 18689 | Lair:1   | Noticed a six-headed hydra
 19358 | Lair:2   | Noticed an eight-headed hydra
 19364 | Lair:2   | Killed an eight-headed hydra
 19532 | Lair:2   | Reached skill level 13 in Earth Magic
 19664 | Lair:2   | Reached skill level 1 in Ice Magic
 20775 | Lair:3   | Found a hole to the Spider Nest.
 21073 | Lair:3   | Found a staircase to the Swamp.
 21205 | Lair:3   | Noticed Snorg
 21211 | Lair:3   | Killed Snorg
 21365 | Lair:3   | Reached **** piety under Vehumet
 21496 | Lair:3   | Noticed a seven-headed hydra
 21500 | Lair:3   | Killed a seven-headed hydra
 22112 | Lair:4   | Noticed a seven-headed hydra
 22116 | Lair:4   | Killed a seven-headed hydra
 22117 | Lair:4   | Reached XP level 13. HP: 66/66 MP: 12/28
 22352 | Lair:4   | Reached skill level 14 in Earth Magic
 23077 | Lair:4   | Noticed a fire dragon
 23771 | Lair:4   | Offered knowledge of Inner Flame by Vehumet.
 24388 | Lair:4   | Learned a level 5 spell: Fireball
 24543 | Lair:4   | Killed a fire dragon
 24786 | Lair:5   | Learned a level 3 spell: Swiftness
 24794 | Lair:5   | Learned a level 7 spell: Orb of Destruction
 24854 | Lair:5   | Reached skill level 15 in Earth Magic
 24875 | Lair:5   | Reached skill level 1 in Fire Magic
 25036 | Lair:5   | Found a staircase to the Slime Pits.
 25041 | Lair:5   | Found a transporter.
 25046 | Lair:5   | Noticed Gaergho's ghost (journeyman DrAK)
 25079 | Lair:5   | Found a transporter.
 25493 | Lair:6   | Entered Level 6 of the Lair of Beasts
 25700 | Lair:6   | Noticed Josephine
 26250 | Lair:6   | Killed Josephine
 26436 | Lair:6   | Noticed Urug
 26453 | Lair:5   | Reached ***** piety under Vehumet
 26456 | Lair:5   | Gained mutation: Your large and strong wings let you fly.
                  | [Gargoyle growth]
 26456 | Lair:5   | Reached XP level 14. HP: 51/72 MP: 7/31
 26588 | Lair:6   | Killed Urug
 26766 | Lair:6   | Offered knowledge of Lee's Rapid Deconstruction by Vehumet.
 28182 | Lair:6   | Reached skill level 16 in Earth Magic
 28659 | Lair:6   | Found a one-way gate to the infinite horrors of the Abyss.
 28769 | Lair:6   | Found a corrupted altar of Lugonu.
 30245 | Lair:1   | Killed Nergalle
 30447 | Orc:1    | Entered Level 1 of the Orcish Mines
 30804 | Orc:2    | Entered Level 2 of the Orcish Mines
 30804 | Orc:2    | Found a staircase to the Elven Halls.
 31057 | Orc:2    | Found a frozen archway.
 31063 | IceCv    | Entered an ice cave
 31231 | IceCv    | Noticed a quicksilver ooze
 31233 | IceCv    | Killed a quicksilver ooze
 31567 | IceCv    | Offered knowledge of Spellforged Servitor by Vehumet.
 31576 | IceCv    | Learned a level 7 spell: Spellforged Servitor
 31580 | IceCv    | Noticed a quicksilver ooze
 31582 | IceCv    | Killed a quicksilver ooze
 31743 | IceCv    | Reached skill level 1 in Air Magic
 31754 | IceCv    | Reached XP level 15. HP: 76/76 MP: 3/33
 31839 | IceCv    | Noticed an azure jelly
 31844 | IceCv    | Killed an azure jelly
 32002 | IceCv    | Noticed an azure jelly
 32005 | IceCv    | Killed an azure jelly
 32101 | IceCv    | Found a viscous altar of Jiyva.
 32119 | IceCv    | Got the Catalogue of the Glacier
 32121 | IceCv    | Got the ring "Zezuh" {Ice rN+}
 32123 | IceCv    | Identified the +4 ice dragon scales of the Butterfly {rPois
                  | rF- rC++ Str-4 Dex+2 SInv}
 32599 | Orc:2    | Reached skill level 5 in Fire Magic
 32877 | Orc:2    | Found Bitih's Weapon Shoppe.
 32877 | Orc:2    | Found Plog's Antique Armour Shop.
 32879 | Orc:2    | Found Ettaetus's Book Shoppe.
 32879 | Orc:2    | Found Fagour's Magic Scroll Shop.
 32890 | Orc:2    | Bought a scroll of blinking for 105 gold pieces
 32890 | Orc:2    | Bought a scroll of identify for 28 gold pieces
 32890 | Orc:2    | Bought a scroll of identify for 28 gold pieces
 32890 | Orc:2    | Bought a scroll of identify for 28 gold pieces
 32890 | Orc:2    | Bought a scroll of identify for 28 gold pieces
 32890 | Orc:2    | Bought a scroll of magic mapping for 49 gold pieces
 33170 | Orc:1    | Found Ugarekod's Jewellery Boutique.
 33726 | Elf:1    | Entered Level 1 of the Elven Halls
 34369 | Elf:1    | Found a radiant altar of Vehumet.
 34816 | Elf:1    | Reached skill level 15 in Spellcasting
 35371 | Elf:1    | Paralysed by an air elemental for 1 turns
 35399 | Elf:1    | Paralysed by an air elemental for 1 turns
 35406 | Elf:1    | Paralysed by an air elemental for 1 turns
 35413 | Elf:1    | Paralysed by an air elemental for 1 turns
 35415 | Elf:1    | Paralysed by an air elemental for 1 turns
 35422 | Elf:1    | Paralysed by an air elemental for 1 turns
 35425 | Elf:1    | Paralysed by an air elemental for 1 turns
 35429 | Orc:2    | Paralysed by an air elemental for 1 turns
 35432 | Orc:2    | Paralysed by an air elemental for 1 turns
 35441 | Orc:2    | Paralysed by an air elemental for 1 turns
 35664 | Elf:1    | Got the Collected Works on Creation
 36849 | Elf:1    | Reached skill level 17 in Earth Magic
 37221 | Elf:1    | Reached XP level 16. HP: 44/81 MP: 26/35
 37599 | Spider:1 | Entered Level 1 of the Spider Nest
 37605 | Spider:1 | Noticed Noofi Norphi's ghost (adept DECj)
 37809 | Lair:3   | Offered knowledge of Lightning Bolt by Vehumet.
 38159 | Orc:2    | Bought the Reference Book on the Mutagenic Arsonist for 576
                  | gold pieces
 38159 | Orc:2    | Bought a manual of Transmutations for 960 gold pieces
 38316 | Swamp:1  | Entered Level 1 of the Swamp
 38324 | Lair:3   | Learned a level 4 spell: Flame Wave
 38489 | Lair:3   | Reached skill level 15 in Conjurations
 38742 | Lair:3   | HP: 4/82 [wolf spider (5)]
 38815 | Spider:1 | Noticed Mlioglotl
 38871 | Spider:1 | Noticed a tentacled starspawn
 38875 | Lair:3   | Killed Mlioglotl
 39121 | Spider:1 | Found a runed translucent gate.
 39121 | Spider:1 | Found a runed translucent gate.
 39121 | Spider:1 | Found a runed translucent gate.
 39140 | Spider:1 | Killed Noofi Norphi's ghost
 39160 | Spider:1 | Identified the +5 arbalest of the Middle {elec, Int+6
                  | Dex+7}
 39870 | Spider:2 | Reached skill level 5 in Dodging
 40016 | Spider:2 | HP: 3/84 [ghost moth (12)]
 40026 | Spider:2 | Slain by a ghost moth

Illustrated notes

Levels and vault maps discovered:
D:1:      nagdon_arrival_double_spiral, layout_basic, minmay_pentomino_s2
D:2:      layout_basic, wad_floor_pattern_untrapped, uniq_jessica
D:3:      layout_loops_ring, nicolae_ru_sacrificial_ziggurat, serial_shops,
          nicolae_diamond_shop
D:4:      layout_layer_cave, uniq_grinder
D:5:      layout_loops_ring, gup_sewer_entry_glass, serial_shops, shop_statue
D:6:      layout_cave_pods, uniq_sigmund
D:7:      layout_cave_pools, minmay_temple_entry_glass, uniq_joseph
D:8:      layout_loops_corners
D:9:      layout_loops_corners, nicolae_island_escapes
D:10:     layout_irregular_city, grunt_lair_entry_orc_guard_hut, enter_trove_6,
          serial_shops, nicolae_shop_temple_entry_statues_fountains
D:11:     layout_roguey [special_room_orc], orc_0_dummy, enter_bailey_4,
          nicolae_shop_overcharged_wands
D:12:     layout_cave_pools, kb_lookout_dungeons_type
Temple:   mainiacjoe_temple_archimedes_tessellation
Lair:1:   layout_regular_city, serial_forest, infiniplex_forest_straight_2,
          infiniplex_forest_lined_2, infiniplex_forest_corner_2,
          infiniplex_forest_lined_3, infiniplex_forest_clump_curved,
          infiniplex_forest_clump_C, infiniplex_forest_clump_medium,
          infiniplex_forest_straight_3, cheibrodos_lair_reptile_den,
          grunt_megastairs_2, lemuel_fruit_fields, uniq_nergalle
Lair:2:   dpeg_oklob_shooting_range, layout_layer_cave
Lair:3:   layout_cave_pods, swamp_mist, spider_nest_entry_rubble,
          minmay_lair_oklob_items, lemuel_fruit_fields, uniq_snorg
Lair:4:   dragon1_lemuel, layout_layer_cave, cheibrodos_lair_lostbears,
          lemuel_fruit_tree
Lair:5:   layout_loops_ring, slime_dummy, gammafunk_ghost_berserking_beasts
Lair:6:   hellmonk_lair_end_abyssal_woods, layout_misc_corridors,
          grunt_megastairs_3, uniq_urug, uniq_josephine
Swamp:1:  layout_basic_swamp, evilmike_swamp_ruin_house_1
Spider:1: layout_spider_delve, gammafunk_ghost_split, uniq_mlioglotl
Spider:2: layout_chambers, nicolae_spider_cling_halls
Orc:1:    layout_diamond_mine, serial_shops, nicolae_shop_waterfront
Orc:2:    grunt_orc_tribal_feast, layout_diamond_mine, portal_ice_cave_rime,
          nicolae_orc_rockfall
Elf:1:    eino_elf_arrival_altar, layout_loops_cross, minmay_elf_demonology,
          st_stairs_12, grunt_ministairs_4, lemuel_flamethrower_2
Elf:2:    nicolae_elf_blades_crystal_corner, layout_loops_cross,
          gammafunk_ghost_cemetery, portal_desolation_entry_garden,
          serial_shops, shop_fountains, nicolae_concentric_dashed_squares_mild,
          minivault_28

Skill      XL: |  1  2  3  4  5  6  7  8  9 10 11 12 13 14 15 16 |
---------------+-------------------------------------------------+-----
Transmutations | 1 2 |  2.8
Earth Magic    | 4 5 6 7 9 10 12 13 15 16 17 | 17.3
Conjurations   | 1 2 3 4 5 6 8 9 10 11 13 14 15 | 15.2
Spellcasting   | 3 4 5 6 8 9 11 13 14 15 | 15.9
Staves         | 1 2 |  2.5
Armour         | 1 3 4 5 6 |  6.4
Fighting       | 1 2 3 |  3.7
Dodging        | 2 3 4 5 |  5.0
Shields        | 4 |  4.0
Ice Magic      | 1 |  1.2
Fire Magic     | 2 4 6 |  6.5
Air Magic      | 1 |  1.5
Stealth        | |  2.1
Summonings     | |  0.4

Action                   |  1- 3 |  4- 6 |  7- 9 | 10-12 | 13-15 | 16-18 || total
-------------------------+-------+-------+-------+-------+-------+-------++-------
Melee: Unarmed           |    23 |     2 |       |       |       |       ||    25
       Staff             |       |    42 |    57 |    18 |    29 |    39 ||   185
 Cast: Sandblast         |    39 |    39 |    20 |   134 |   103 |    29 ||   364
       Stone Arrow       |       |    25 |   129 |   215 |     6 |       ||   375
       Iron Shot         |       |       |       |    40 |   248 |    41 ||   329
       Frozen Ramparts   |       |       |       |     6 |     1 |       ||     7
       Fireball          |       |       |       |       |   213 |    23 ||   236
       Swiftness         |       |       |       |       |     7 |     2 ||     9
       Orb of Destructio |       |       |       |       |    27 |       ||    27
       Flame Wave        |       |       |       |       |       |    10 ||    10
       Spellforged Servi |       |       |       |       |       |     1 ||     1
Evoke: Wand              |       |       |       |     1 |       |       ||     1
  Use: Scroll            |       |     3 |     9 |    13 |    14 |     8 ||    47
       Potion            |       |       |     1 |       |     5 |    19 ||    25
Armor: Robe              |    16 |    40 |    30 |       |       |       ||    86
       Troll leather arm |       |       |    69 |   108 |   119 |   342 ||   638
       Ice dragon scales |       |       |       |       |       |    42 ||    42
       Skin              |       |       |       |       |       |    23 ||    23
Dodge: Dodged            |    36 |    51 |    92 |   114 |   125 |   171 ||   589
Block: Buckler           |       |       |       |    91 |   126 |   134 ||   351
       Reflection        |       |       |       |    12 |    14 |       ||    26

Table legend: (Time is in decaauts)
 A = Elapsed time spent in this place.
 B = Non-inter-level travel time spent in this place.
 C = Inter-level travel time spent in this place.
 D = Time resting spent in this place.
 E = Time spent auto-exploring this place.
 F = Levels seen in this place.
 G = Mean time per level.
                   A        B        C        D        E       F      G
               +--------+--------+--------+--------+--------+-----+--------+
         Total |  40121 |  37765 |   2356 |  18414 |  14355 |  29 | 1383.5 |
       Dungeon |  17136 |  16322 |    814 |   6726 |   7707 |  12 | 1428.0 |
        Temple |    258 |    229 |     29 |      0 |    209 |   1 |  258.0 |
          Lair |  13653 |  12717 |    936 |   6368 |   4845 |   6 | 2275.5 |
         Swamp |      1 |      1 |      0 |      0 |      0 |   1 |    1.0 |
   Spider Nest |   1086 |   1014 |     72 |    535 |    191 |   2 |  543.0 |
  Orcish Mines |   2457 |   2185 |    272 |   1341 |    554 |   2 | 1228.5 |
   Elven Halls |   3423 |   3192 |    231 |   2041 |    754 |   2 | 1711.5 |
         Sewer |    283 |    283 |      0 |    174 |     52 |   1 |  283.0 |
        Bailey |    680 |    680 |      0 |    521 |     26 |   1 |  680.0 |
      Ice Cave |   1140 |   1140 |      0 |    708 |     16 |   1 | 1140.0 |
               +--------+--------+--------+--------+--------+-----+--------+

Top non-repeatable levels by time:
   Elf:1: 3416 daAuts
  Lair:6: 2725 daAuts
  Lair:3: 2662 daAuts
  Lair:4: 2483 daAuts
     D:9: 2246 daAuts
  Lair:5: 2242 daAuts
  Lair:2: 2053 daAuts
    D:11: 1762 daAuts
     D:4: 1677 daAuts
   Orc:2: 1636 daAuts
     D:6: 1521 daAuts
     D:5: 1497 daAuts
    D:10: 1485 daAuts
  Lair:1: 1485 daAuts
     D:7: 1365 daAuts
